 Dungeon Crawl Stone Soup version 0.29.0-15-g675c0067aa (webtiles) character file.

Game seed: 9437753351688895638

52244 qw the Severer (level 14, -11/92 HPs)
             Began as a Gargoyle Fighter on Sept 11, 2022.
             Was an Elder of Okawaru.
             Mangled by Rupert
             ... wielding a +1 vorpal battleaxe
              (19 damage)
             ... on level 13 of the Dungeon.
             The game lasted 00:07:58 (21381 turns).

qw the Severer (Gargoyle Fighter)                  Turns: 21381, Time: 00:07:58

Health: -11/92     AC: 44    Str: 24    XL:     14   Next: 63%
Magic:  21/21      EV: 10    Int: 10    God:    Okawaru [****..]
Gold:   990        SH: 11    Dex:  9    Spells: 13/13 levels left

rFire   . . .      SeeInvis +   Y - +7 war axe
rCold   . . .      Faith    .   c - +0 buckler
rNeg    + . .      Spirit   .   s - +1 plate armour
rPois   inf        Reflect  +   v - +2 helmet {SInv}
rElec   +          Harm     .   u - +2 cloak
rCorr   .          Rampage  .   b - +2 pair of gloves
Will    +....                   r - +2 pair of boots
Stlth   ..........              e - amulet of reflection
HPRegen 0.25/turn               (no ring)
MPRegen 0.17/turn               (no ring)

@: about to teleport, heroic, flying
A: sickness immunity, AC +10, big wings, negative energy resistance 1,
electricity resistance, torment resistance 1, petrification resistance
a: Renounce Religion, Heroism, Finesse


You were on level 13 of the Dungeon.
You worshipped Okawaru.
Okawaru was greatly pleased with you.
You visited 3 branches of the dungeon, and saw 20 of its levels.
You also visited: Sewer.

You collected 1547 gold pieces.
You spent 557 gold pieces at shops.


Innate Abilities, Weirdness & Mutations

You are immune to sickness and miasma.
Your stone body is resilient. (AC +10)
You are immune to poison.
Your large and strong wings let you fly.
You resist negative energy. (rN+)
You are resistant to electric shocks. (rElec)
You are resistant to unholy torment.
You are immune to petrification.


   Skills:
 - Level 12.0(17.0) Fighting
 + Level 15.0(20.0) Axes
 - Level 5.0(10.0) Throwing
 - Level 12.0(17.0) Armour
 - Level 3.1(8.1) Dodging
 - Level 7.3(12.3) Shields
 - Level 10.0 Invocations


You had 13 spell levels left.
You didn't know any spells.
Your spell library was empty.

Inventory:

Hand Weapons
 g - a +0 war axe of flaming
 Y - a +7 war axe (weapon)
Missiles
 x - 7 javelins (quivered)
 y - 2 boomerangs
Armour
 b - a +2 pair of gloves (worn)
 c - a +0 buckler (worn)
 f - +0 acid dragon scales
 r - a +2 pair of boots (worn)
 s - a +1 plate armour (worn)
 u - a +2 cloak (worn)
 v - a +2 helmet of see invisible (worn)
 z - the +0 helmet of Quonk {Fly Dex+7}
   (Okawaru gifted it to you on level 2 of the Lair of Beasts)

   Dex:       It affects your dexterity (+7).
   Fly:       It grants you flight.
Jewellery
 e - an amulet of reflection (around neck)
 l - a ring of ice
Wands
 t - a wand of digging (5)
Scrolls
 j - 11 scrolls of identify
 q - 8 scrolls of teleportation
 w - 2 scrolls of blinking
Potions
 a - 12 potions of curing
 d - 4 potions of might
 h - 2 potions of cancellation
 i - 6 potions of heal wounds
 k - 4 potions of attraction
 m - 6 potions of lignification
 n - 6 potions of haste
 o - 5 potions of resistance
 p - 2 potions of mutation

Dungeon Overview and Level Annotations

Branches:
Dungeon (14/15) Temple (1/1) D:7 Lair (5/5) D:11 Swamp (0/4) Lair:2 Spider (0/4) Lair:3 Slime (0/5) Lair:4 Orc (0/2) D:11 Vaults (0/5) D:13 D:14 Sewer (visited)

Altars:
Ashenzari
Cheibriados
Dithmenos
Elyvilon
Fedhas
Gozag
Hepliaklqana
Kikubaaqudgha
Makhleb
Okawaru
Qazlal
Ru
Sif Muna
Trog
Vehumet
Wu Jian
Xom
Yredelemnul
Zin
The Shining One

Shops:
D:9 [   D:10 *

Annotations:
D:3 2 runed translucent doors
D:6 1 runed translucent door, Crazy Yiuf
D:13 Rupert
D:14 Nessos
Lair:4 1 runed translucent door


Message History

The slime creature hits you but does no damage.
There is a stone staircase leading up here.
21376 ||| STAIRDANCE The orc knight shoots a bolt.
You reflect the bolt off an invisible shield around you!
The bolt barely misses the orc knight.
You block the human's attack.
The slime creature hits you but does no damage.
Two slime creatures merge to form a large slime creature.
The boulder beetle leaps!
You block the human's attack. The human hits you but does no damage.
Two slime creatures merge to form a very large slime creature.
The human barely misses you.
You fly upwards.
There is a stone staircase leading down here.
You slash Rupert!
Rupert is lightly wounded.
You barely miss the human. You hit the human.
You hit the very large slime creature but do no damage.
You hit the human.
Rupert hits you with a +1 vorpal battleaxe!!
You slash Rupert!
Rupert is lightly wounded.
You miss the human. You slice the human!!
You hit the very large slime creature. You hit the human.
Rupert barely misses you. The human closely misses you.
You block the human's attack. The human hits you but does no damage.
You hit the human.
The human is almost dead.
You hit the human.
You slash the very large slime creature!
You barely miss Rupert. You miss the human. Rupert barely misses you.
The very large slime creature hits you!!!
You block the human's attack.
The human hits you but does no damage. x2
21381 ||| READING 9 scrolls of teleportation.
As you read the scroll of teleportation, it crumbles to dust.
You feel strangely unstable.
Rupert hits you with a +1 vorpal battleaxe!
Rupert hits you with a +1 vorpal battleaxe!!
You die...

# ############ ...........#
...........######
.####'####......#
.#.....(.+.....p########
##.......#.....@pp.....#
.........#....pp@J.....#
.........(..########...#####
.......<(#..#......#.......#
.........#..#......#.......#
.........#..#......#.......#
.........#..'......#......##
.........#..########......#
.........#................#
##########................#


You could see Rupert (berserk), a very large slime creature and 5 humans.

Vanquished Creatures
  Snorg (D:12)
  2 boulder beetles
  Harold (Lair:1)
  3 hydras
  A two-headed ogre (D:10)
  A catoblepas (Lair:5)
  A centaur warrior (D:13)
  Nergalle (D:12)
  3 bog bodies (Lair:2)
  2 deep elf pyromancers
  Pikel (D:6)
  2 wolf spiders (Lair:5)
  3 cyclopes (D:13)
  5 elephants
  A guardian serpent (Lair:5)
  2 manticores
  6 black mambas (Lair:5)
  7 torpor snails
  17 cane toads
  3 rime drakes
  4 komodo dragons
  3 kobold demonologists (D:12)
  An efreet (D:13)
  A queen bee (Lair:2)
  2 polar bears
  6 trolls
  16 blink frogs
  5 hornets
  2 slime creatures (D:13)
  A tarantella (shapeshifter) (D:12)
  6 dream sheep (Lair:5)
  A shadow (D:12)
  19 yaks
  3 wraiths
  6 humans (D:13)
  4 basilisks
  12 wyverns
  Grum (D:9)
  A steam dragon (D:8)
  3 vampire mosquitoes (D:12)
  2 redbacks
  Edmund (D:6)
  3 swamp worms (Lair:2)
  24 water moccasins
  3 acid dragons
  A black bear (Lair:1)
  An ice beast (D:6)
  14 orc warriors
  12 wolves
  2 ogres
  6 centaurs
  A phantom (D:5)
  A lemure (D:6)
  12 bullfrogs
  3 kobold brigands
  5 scorpions
  2 necrophages (D:6)
  14 wights
  30 killer bees
  3 electric eels
  6 howler monkeys
  3 hounds
  12 orc priests
  2 gnoll boudas
  6 hell rats (Lair:4)
  2 iguanas
  13 orc wizards
  3 adders
  21 gnolls
  A shadow imp (D:6)
  2 ufetubi
  7 worms
  3 dart slugs
  65 orcs
  7 ball pythons
  3 bats
  6 endoplasms
  3 giant cockroaches
  7 goblins
  10 hobgoblins
  3 jackals
  18 kobolds
  A quokka (D:1)
  2 frilled lizards
  4 rats
  A spectral orc (D:3)
  A fire vortex (Lair:5)
512 creatures vanquished.

Vanquished Creatures (others)
  Sonja (Lair:1)
  28 fungi
  58 plants
87 creatures vanquished.

Grand Total: 599 creatures vanquished

Notes
Turn   | Place    | Note
-------+----------+-------------------------------------------
     0 | D:1      | qw the Gargoyle Fighter began the quest for the Orb.
     0 | D:1      | Reached XP level 1. HP: 14/14 MP: 1/1
     0 | D:1      | 0 ||| qw: Version: 0.1-a-119-g272c26d
     0 | D:1      | 0 ||| qw: Game counter: 10680
     0 | D:1      | 0 ||| qw: Always use a shield: true
     0 | D:1      | 0 ||| qw: God list: Okawaru
     0 | D:1      | 0 ||| qw: Allow faded altars: false
     0 | D:1      | 0 ||| qw: Do Orc after D:15 true
     0 | D:1      | 0 ||| qw: Do second Lair branch before Depths: true
     0 | D:1      | 0 ||| qw: Lair rune preference: random
     0 | D:1      | 0 ||| qw: Plans: Normal, Zot, God:TSO, Crypt, Tomb, Pan,
                  | Slime, Hells, Zig, Abyss, Orb
     0 | D:1      | 0 ||| PLANNING D:1-11
    77 | D:1      | Reached skill level 2 in Axes
   170 | D:1      | Reached XP level 2. HP: 19/19 MP: 2/2
   308 | D:1      | 308 ||| Stepping ~*~*~tactically~*~*~ (hiding).
   309 | D:1      | 309 ||| Stepping ~*~*~tactically~*~*~ (hiding).
   708 | D:1      | Reached skill level 3 in Axes
   974 | D:1      | 974 ||| UPGRADING to +0 chain mail.
   984 | D:1      | 984 ||| DROPPING +0 scale mail.
   985 | D:1      | 985 ||| READING scroll labelled MULEAF UKAIB.
   986 | D:1      | 986 ||| READING scroll labelled SOLITT PUPP.
   991 | D:1      | 991 ||| READING 2 scrolls labelled ZOROIL GAAPET.
   992 | D:1      | 992 ||| DRINKING 3 amethyst potions.
  1025 | D:2      | Reached XP level 3. HP: 23/23 MP: 3/3
  1126 | D:2      | 1126 ||| Stepping ~*~*~tactically~*~*~ (hiding).
  1203 | D:2      | 1203 ||| Stepping ~*~*~tactically~*~*~ (stealth).
  1249 | D:2      | Reached XP level 4. HP: 18/28 MP: 4/4
  1359 | D:2      | 1359 ||| DROPPING +0 club.
  1775 | D:2      | Reached skill level 4 in Axes
  1815 | D:2      | Found a faded altar of an unknown god.
  1897 | D:2      | 1897 ||| UPGRADING to +2 pair of gloves.
  1902 | D:2      | 1902 ||| DROPPING ring of flight.
  1903 | D:2      | 1903 ||| READING scroll labelled VEXZOBLYPTY.
  1904 | D:2      | 1904 ||| READING scroll labelled SOGIM BIWKA.
  1905 | D:2      | 1905 ||| READING 3 scrolls of identify.
  1905 | D:2      | 1905 ||| IDENTIFYING golden potion
  1906 | D:2      | 1906 ||| READING 2 scrolls of identify.
  1906 | D:2      | 1906 ||| IDENTIFYING fizzy silvery potion
  1907 | D:2      | 1907 ||| DROPPING potion of flight.
  2399 | D:3      | Found a basalt altar of Yredelemnul.
  2541 | D:3      | Found a large runed translucent door.
  2543 | D:3      | Found a large runed translucent door.
  2815 | D:3      | 2815 ||| Stepping ~*~*~tactically~*~*~ (stealth).
  2816 | D:3      | 2816 ||| Stepping ~*~*~tactically~*~*~ (stealth).
  2835 | D:3      | Reached XP level 5. HP: 27/32 MP: 5/5
  3097 | D:3      | 3097 ||| READING scroll labelled IMAZAO QUINT.
  3196 | D:4      | 3196 ||| Stepping ~*~*~tactically~*~*~ (hiding).
  3214 | D:4      | Reached skill level 5 in Axes
  3357 | D:4      | Reached XP level 6. HP: 38/38 MP: 6/6
  3409 | D:4      | 3409 ||| FLEEEEING.
  3410 | D:4      | 3410 ||| FLEEEEING.
  3411 | D:4      | 3411 ||| FLEEEEING.
  3412 | D:4      | 3412 ||| FLEEEEING.
  3413 | D:4      | 3413 ||| FLEEEEING.
  3414 | D:4      | 3414 ||| FLEEEEING.
  3415 | D:4      | 3415 ||| FLEEEEING.
  3416 | D:4      | 3416 ||| FLEEEEING.
  3417 | D:4      | 3417 ||| FLEEEEING.
  3418 | D:4      | 3418 ||| FLEEEEING.
  3419 | D:4      | 3419 ||| FLEEEEING.
  3420 | D:4      | 3420 ||| FLEEEEING.
  3421 | D:4      | 3421 ||| FLEEEEING.
  3422 | D:4      | 3422 ||| FLEEEEING.
  3424 | D:4      | 3424 ||| FLEEEEING.
  3425 | D:4      | 3425 ||| FLEEEEING.
  3426 | D:4      | 3426 ||| FLEEEEING.
  3652 | D:4      | 3652 ||| Stepping ~*~*~tactically~*~*~ (stealth).
  3656 | D:4      | 3656 ||| Stepping ~*~*~tactically~*~*~ (hiding).
  3672 | D:4      | Reached skill level 6 in Axes
  3672 | D:4      | HP: 5/38 [gnoll/+1 whip of venom (5)]
  3673 | D:4      | 3673 ||| DRINKING 3 potions of heal wounds.
  3696 | D:4      | 3696 ||| FLEEEEING.
  3868 | D:4      | 3868 ||| Stepping ~*~*~tactically~*~*~ (stealth).
  3869 | D:4      | 3869 ||| Stepping ~*~*~tactically~*~*~ (stealth).
  3908 | D:4      | 3908 ||| DROPPING +0 whip.
  4174 | D:4      | 4174 ||| UPGRADING to amulet of reflection.
  4179 | D:4      | 4179 ||| READING 2 scrolls labelled YROVYX ZOUNT.
  4180 | D:4      | 4180 ||| DRINKING 2 blue potions.
  4181 | D:4      | 4181 ||| READING 2 scrolls of identify.
  4181 | D:4      | 4181 ||| IDENTIFYING sapphire potion
  4182 | D:4      | 4182 ||| DROPPING potion of degeneration.
  4183 | D:4      | 4183 ||| DROPPING scroll of magic mapping.
  4184 | D:4      | 4184 ||| DROPPING potion of magic.
  4206 | D:5      | Entered Level 5 of the Dungeon
  4207 | D:5      | 4207 ||| PLANNING SEWER
  4221 | D:5      | Reached XP level 7. HP: 39/43 MP: 7/7
  4247 | D:5      | 4247 ||| DROPPING +1 whip of venom.
  4545 | D:5      | Identified the +5 spear of Ashenzari {flame, Str-4 Int+9
                  | Stlth+}
  4594 | D:5      | Found a faded altar of an unknown god.
  4656 | D:5      | Reached skill level 7 in Axes
  4656 | D:5      | Found a glowing drain.
  4657 | D:5      | 4657 ||| UPGRADING to +0 cloak.
  4662 | D:5      | 4662 ||| READING scroll of enchant armour.
  4662 | D:5      | 4662 ||| ENCHANTING +0 cloak.
  4663 | D:5      | 4663 ||| READING 2 scrolls of identify.
  4663 | D:5      | 4663 ||| IDENTIFYING yellow potion
  4672 | Sewer    | Entered a sewer
  4831 | Sewer    | 4831 ||| READING scroll labelled ASTANLUCS.
  4832 | Sewer    | 4832 ||| READING 2 scrolls of identify.
  4832 | Sewer    | 4832 ||| IDENTIFYING smoky cyan potion
  4833 | Sewer    | 4833 ||| DROPPING potion of invisibility.
  4851 | D:5      | 4851 ||| PLANNING D:1-11
  4999 | D:6      | Noticed Edmund
  5001 | D:6      | 5001 ||| STAIRDANCE
  5061 | D:6      | HP: 2/44 [Edmund/+4 dire flail of protection (14)]
  5062 | D:6      | 5062 ||| DRINKING 4 potions of heal wounds.
  5064 | D:6      | Killed Edmund
  5065 | D:6      | Reached XP level 8. HP: 24/49 MP: 8/8
  5065 | D:6      | 5065 ||| STAIRDANCE
  5270 | D:6      | Noticed Pikel
  5287 | D:6      | HP: 7/49 [lemure[Pikel] (7)]
  5288 | D:6      | 5288 ||| DRINKING 3 potions of heal wounds.
  5293 | D:6      | HP: 9/49 [lemure[Pikel] (5)]
  5294 | D:6      | 5294 ||| DRINKING 2 potions of heal wounds.
  5295 | D:6      | Killed Pikel
  5296 | D:6      | Reached skill level 6 in Armour
  5317 | D:6      | 5317 ||| Stepping ~*~*~tactically~*~*~ (stealth).
  5318 | D:6      | 5318 ||| Stepping ~*~*~tactically~*~*~ (stealth).
  5319 | D:6      | 5319 ||| Stepping ~*~*~tactically~*~*~ (stealth).
  5320 | D:6      | 5320 ||| Stepping ~*~*~tactically~*~*~ (stealth).
  5321 | D:6      | 5321 ||| FLEEEEING.
  5322 | D:6      | 5322 ||| FLEEEEING.
  5323 | D:6      | 5323 ||| FLEEEEING.
  5324 | D:6      | 5324 ||| FLEEEEING.
  5325 | D:6      | 5325 ||| FLEEEEING.
  5326 | D:6      | 5326 ||| FLEEEEING.
  5327 | D:6      | 5327 ||| FLEEEEING.
  5331 | D:6      | 5331 ||| FLEEEEING.
  5332 | D:6      | 5332 ||| STAIRDANCE
  5558 | D:6      | Reached skill level 1 in Dodging
  5576 | D:6      | Noticed a hornet
  5582 | D:6      | Killed a hornet
  5614 | D:6      | 5614 ||| Stepping ~*~*~tactically~*~*~ (stealth).
  5630 | D:6      | Reached XP level 9. HP: 54/54 MP: 9/9
  5720 | D:6      | Reached skill level 8 in Axes
  5951 | D:6      | Reached skill level 6 in Fighting
  6008 | D:6      | Found a runed translucent door.
  6009 | D:6      | Noticed Crazy Yiuf
  6079 | D:6      | 6079 ||| READING scroll labelled IRELAS EFAXT.
  6080 | D:6      | 6080 ||| DRINKING 2 fizzy clear potions.
  6081 | D:6      | 6081 ||| READING 3 scrolls of identify.
  6081 | D:6      | 6081 ||| IDENTIFYING fuming pink potion
  6102 | D:7      | 6102 ||| Stepping ~*~*~tactically~*~*~ (hiding).
  6104 | D:7      | 6104 ||| Stepping ~*~*~tactically~*~*~ (hiding).
  6119 | D:7      | 6119 ||| Stepping ~*~*~tactically~*~*~ (hiding).
  6122 | D:7      | 6122 ||| Stepping ~*~*~tactically~*~*~ (hiding).
  6143 | D:7      | 6143 ||| Stepping ~*~*~tactically~*~*~ (hiding).
  6144 | D:7      | 6144 ||| Stepping ~*~*~tactically~*~*~ (hiding).
  6194 | D:7      | Found a staircase to the Ecumenical Temple.
  6195 | D:7      | 6195 ||| PLANNING TEMPLE
  6201 | Temple   | Entered the Ecumenical Temple
  6393 | Temple   | 6393 ||| PLANNING D:1-11
  6415 | Temple   | Became a worshipper of Warmaster Okawaru
  6473 | D:7      | 6473 ||| Stepping ~*~*~tactically~*~*~ (stealth).
  6480 | D:7      | 6480 ||| Stepping ~*~*~tactically~*~*~ (hiding).
  6483 | D:7      | 6483 ||| Stepping ~*~*~tactically~*~*~ (hiding).
  6497 | D:7      | 6497 ||| FLEEEEING.
  6498 | D:7      | 6498 ||| FLEEEEING.
  6499 | D:7      | 6499 ||| STAIRDANCE
  6739 | D:7      | Reached skill level 9 in Axes
  6781 | D:7      | Identified the +4 leather armour of Rypyuq {Will- Regen+
                  | Stlth+}
  6783 | D:7      | 6783 ||| Stepping ~*~*~tactically~*~*~ (stealth).
  6786 | D:7      | 6786 ||| Stepping ~*~*~tactically~*~*~ (stealth).
  6791 | D:7      | 6791 ||| Stepping ~*~*~tactically~*~*~ (stealth).
  6793 | D:7      | 6793 ||| Stepping ~*~*~tactically~*~*~ (hiding).
  7372 | D:7      | 7372 ||| DROPPING +1 scale mail of cold resistance.
  7373 | D:7      | 7373 ||| UPGRADING to +0 plate armour.
  7383 | D:7      | 7383 ||| DROPPING +0 chain mail.
  7384 | D:7      | 7384 ||| READING 3 scrolls of identify.
  7384 | D:7      | 7384 ||| IDENTIFYING ruby potion
  7385 | D:7      | 7385 ||| DROPPING potion of brilliance.
  7418 | D:8      | 7418 ||| Stepping ~*~*~tactically~*~*~ (hiding).
  7443 | D:8      | 7443 ||| FLEEEEING.
  7444 | D:8      | 7444 ||| FLEEEEING.
  7445 | D:8      | 7445 ||| FLEEEEING.
  7446 | D:8      | 7446 ||| FLEEEEING.
  7447 | D:8      | 7447 ||| FLEEEEING.
  7448 | D:8      | 7448 ||| FLEEEEING.
  7449 | D:8      | 7449 ||| FLEEEEING.
  7450 | D:8      | 7450 ||| STAIRDANCE
  7550 | D:7      | 7550 ||| READING 2 scrolls of identify.
  7550 | D:7      | 7550 ||| IDENTIFYING coppery potion
  7558 | D:8      | 7558 ||| Stepping ~*~*~tactically~*~*~ (stealth).
  7592 | D:8      | Reached * piety under Okawaru
  7728 | D:8      | 7728 ||| INVOKING Heroism.
  7733 | D:8      | Reached skill level 1 in Invocations
  7757 | D:8      | 7757 ||| FLEEEEING.
  7758 | D:8      | 7758 ||| STAIRDANCE
  7839 | D:7      | 7839 ||| UPGRADING to +0 pair of boots.
  7858 | D:8      | 7858 ||| Stepping ~*~*~tactically~*~*~ (stealth).
  7860 | D:8      | 7860 ||| INVOKING Heroism.
  7865 | D:8      | Reached XP level 10. HP: 63/63 MP: 8/11
  7881 | D:8      | 7881 ||| Stepping ~*~*~tactically~*~*~ (stealth).
  7887 | D:8      | 7887 ||| Stepping ~*~*~tactically~*~*~ (hiding).
  8133 | D:8      | 8133 ||| INVOKING Heroism.
  8139 | D:8      | Noticed a manticore
  8140 | D:8      | Reached skill level 3 in Invocations
  8152 | D:8      | HP: 6/63 [manticore (15)]
  8152 | D:8      | HP: 1/63 [manticore (5)]
  8153 | D:8      | 8153 ||| READING 3 scrolls of teleportation.
  8154 | D:8      | 8154 ||| DRINKING 2 potions of heal wounds.
  8155 | D:8      | 8155 ||| INVOKING Heroism.
  8434 | D:8      | 8434 ||| Stepping ~*~*~tactically~*~*~ (hiding).
  8435 | D:8      | 8435 ||| Stepping ~*~*~tactically~*~*~ (hiding).
  8440 | D:8      | 8440 ||| INVOKING Heroism.
  8450 | D:8      | Killed a manticore
  8646 | D:8      | 8646 ||| INVOKING Heroism.
  8656 | D:8      | Reached skill level 10 in Axes
  8734 | D:8      | 8734 ||| DROPPING +0 flail.
  8803 | D:8      | Found a blossoming altar of Fedhas.
  8828 | D:8      | 8828 ||| INVOKING Heroism.
  8893 | D:8      | 8893 ||| INVOKING Heroism.
  9106 | D:9      | 9106 ||| Stepping ~*~*~tactically~*~*~ (hiding).
  9124 | D:9      | Reached ** piety under Okawaru
  9216 | D:9      | 9216 ||| Stepping ~*~*~tactically~*~*~ (stealth).
  9323 | D:9      | 9323 ||| DROPPING +4 flail.
  9378 | D:9      | 9378 ||| Stepping ~*~*~tactically~*~*~ (hiding).
  9389 | D:9      | 9389 ||| INVOKING Heroism.
  9399 | D:9      | 9399 ||| DRINKING 4 potions of curing.
  9399 | D:9      | 9399 ||| (to cure confusion)
  9620 | D:9      | Found Tykkufab's Armour Shop.
  9623 | D:9      | 9623 ||| Stepping ~*~*~tactically~*~*~ (stealth).
  9625 | D:9      | 9625 ||| Stepping ~*~*~tactically~*~*~ (stealth).
  9665 | D:9      | 9665 ||| SWAPPING to +5 war axe.
  9666 | D:9      | 9666 ||| DROPPING +0 war axe.
  9981 | D:9      | Noticed Grum
  9982 | D:9      | 9982 ||| INVOKING Heroism.
 10001 | D:9      | Killed Grum
 10017 | D:9      | 10017 ||| UPGRADING to +2 cloak.
 10027 | D:9      | 10027 ||| DROPPING +1 cloak.
 10028 | D:9      | 10028 ||| READING 2 scrolls labelled XAADUX DONOOS.
 10029 | D:9      | 10029 ||| READING scroll of enchant weapon.
 10029 | D:9      | 10029 ||| ENCHANTING +6 war axe.
 10061 | D:10     | Entered Level 10 of the Dungeon
 10062 | D:10     | 10062 ||| INVOKING Heroism.
 10148 | D:10     | Reached skill level 11 in Axes
 10151 | D:10     | Reached *** piety under Okawaru
 10156 | D:10     | Reached XP level 11. HP: 62/68 MP: 14/14
 10183 | D:10     | 10183 ||| Stepping ~*~*~tactically~*~*~ (stealth).
 10184 | D:10     | 10184 ||| Stepping ~*~*~tactically~*~*~ (stealth).
 10236 | D:10     | 10236 ||| INVOKING Heroism.
 10253 | D:10     | Reached skill level 3 in Throwing
 10528 | D:10     | Noticed a two-headed ogre
 10529 | D:10     | 10529 ||| Stepping ~*~*~tactically~*~*~ (stealth).
 10530 | D:10     | 10530 ||| INVOKING Heroism.
 10531 | D:10     | 10531 ||| Stepping ~*~*~tactically~*~*~ (stealth).
 10539 | D:10     | Killed a two-headed ogre
 10539 | D:10     | Received a gift from Okawaru
 10684 | D:10     | Found Fadaecit's Assorted Antiques.
 10692 | D:10     | 10692 ||| BUYING glowing war axe (221 gold).
 10692 | D:10     | Bought a glowing war axe for 221 gold pieces
 10692 | D:10     | 10692 ||| BUYING metallic black potion (30 gold).
 10692 | D:10     | Bought a metallic black potion for 30 gold pieces
 10692 | D:10     | 10692 ||| BUYING potion of heal wounds (170 gold).
 10692 | D:10     | Bought a potion of heal wounds for 170 gold pieces
 10692 | D:10     | 10692 ||| BUYING scroll labelled OZUL KOSOGUTA (34 gold).
 10692 | D:10     | Bought a scroll labelled OZUL KOSOGUTA for 34 gold pieces
 10692 | D:10     | 10692 ||| BUYING scroll of teleportation (102 gold).
 10692 | D:10     | Bought a scroll of teleportation for 102 gold pieces
 10692 | D:10     | 10692 ||| DROPPING +4 morningstar of freezing.
 10871 | D:10     | 10871 ||| Stepping ~*~*~tactically~*~*~ (stealth).
 10876 | D:10     | 10876 ||| INVOKING Heroism.
 10972 | D:10     | 10972 ||| Stepping ~*~*~tactically~*~*~ (stealth).
 10973 | D:10     | 10973 ||| Stepping ~*~*~tactically~*~*~ (stealth).
 10975 | D:10     | 10975 ||| INVOKING Heroism.
 11042 | D:10     | 11042 ||| INVOKING Heroism.
 11219 | D:10     | 11219 ||| READING scroll labelled OZUL KOSOGUTA.
 11220 | D:10     | 11220 ||| READING scroll labelled CEMOCONKAO.
 11332 | D:11     | Noticed a six-headed hydra
 11333 | D:11     | 11333 ||| INVOKING Heroism.
 11334 | D:11     | 11334 ||| SWAPPING to +0 war axe of flaming.
 11342 | D:11     | Killed a two-headed hydra
 11343 | D:11     | Reached skill level 9 in Fighting
 11343 | D:11     | 11343 ||| SWAPPING to +7 war axe.
 11406 | D:11     | Noticed a manticore
 11407 | D:11     | 11407 ||| Stepping ~*~*~tactically~*~*~ (hiding).
 11411 | D:11     | 11411 ||| INVOKING Heroism.
 11422 | D:11     | Killed a manticore
 11429 | D:11     | 11429 ||| Stepping ~*~*~tactically~*~*~ (hiding).
 11547 | D:11     | 11547 ||| INVOKING Heroism.
 11556 | D:11     | Reached **** piety under Okawaru
 11737 | D:11     | Found a staircase to the Orcish Mines.
 11738 | D:11     | 11738 ||| Stepping ~*~*~tactically~*~*~ (stealth).
 11742 | D:11     | 11742 ||| INVOKING Heroism.
 11744 | D:11     | 11744 ||| Stepping ~*~*~tactically~*~*~ (hiding).
 11745 | D:11     | 11745 ||| Stepping ~*~*~tactically~*~*~ (hiding).
 11754 | D:11     | 11754 ||| Stepping ~*~*~tactically~*~*~ (hiding).
 11756 | D:11     | 11756 ||| Stepping ~*~*~tactically~*~*~ (hiding).
 11832 | D:11     | 11832 ||| Stepping ~*~*~tactically~*~*~ (stealth).
 11871 | D:11     | Found a staircase to the Lair.
 11872 | D:11     | 11872 ||| INVOKING Heroism.
 11873 | D:11     | Noticed a boulder beetle
 11885 | D:11     | Received a gift from Okawaru
 11907 | D:11     | 11907 ||| INVOKING Heroism.
 11910 | D:11     | Killed a boulder beetle
 12124 | D:11     | 12124 ||| INVOKING Heroism.
 12282 | D:11     | 12282 ||| PLANNING LAIR
 12282 | D:11     | 12282 ||| READING 3 scrolls of identify.
 12282 | D:11     | 12282 ||| IDENTIFYING metallic black potion
 12283 | D:11     | 12283 ||| READING 2 scrolls of identify.
 12283 | D:11     | 12283 ||| IDENTIFYING white potion
 12284 | D:11     | 12284 ||| DROPPING potion of ambrosia.
 12307 | Lair:1   | Entered Level 1 of the Lair of Beasts
 12308 | Lair:1   | 12308 ||| INVOKING Heroism.
 12310 | Lair:1   | Noticed Harold
 12325 | Lair:1   | Killed Harold
 12326 | Lair:1   | Reached skill level 6 in Invocations
 12454 | Lair:1   | 12454 ||| Stepping ~*~*~tactically~*~*~ (stealth).
 12457 | Lair:1   | 12457 ||| INVOKING Heroism.
 12468 | Lair:1   | Reached ***** piety under Okawaru
 12469 | Lair:1   | Reached skill level 12 in Axes
 12475 | Lair:1   | Reached XP level 12. HP: 64/76 MP: 15/17
 12571 | Lair:1   | 12571 ||| INVOKING Heroism.
 12575 | Lair:1   | Reached skill level 9 in Armour
 12579 | Lair:1   | Received a gift from Okawaru
 12661 | Lair:1   | 12661 ||| Stepping ~*~*~tactically~*~*~ (stealth).
 12666 | Lair:1   | 12666 ||| Stepping ~*~*~tactically~*~*~ (stealth).
 12846 | Lair:1   | 12846 ||| Stepping ~*~*~tactically~*~*~ (stealth).
 12851 | Lair:1   | Noticed Sonja
 12852 | Lair:1   | 12852 ||| INVOKING Finesse.
 12853 | Lair:1   | 12853 ||| INVOKING Heroism.
 12865 | Lair:1   | Reached skill level 6 in Shields
 12879 | Lair:1   | Killed Sonja
 13118 | Lair:1   | 13118 ||| INVOKING Heroism.
 13128 | Lair:1   | Received a gift from Okawaru
 13266 | Lair:1   | 13266 ||| READING scroll labelled MOCOXE LILIA.
 13326 | Lair:2   | 13326 ||| Stepping ~*~*~tactically~*~*~ (hiding).
 13335 | Lair:2   | 13335 ||| Stepping ~*~*~tactically~*~*~ (hiding).
 13341 | Lair:2   | 13341 ||| INVOKING Heroism.
 13838 | Lair:2   | 13838 ||| READING scroll of enchant armour.
 13838 | Lair:2   | 13838 ||| ENCHANTING +0 pair of boots.
 13927 | Lair:2   | 13927 ||| Stepping ~*~*~tactically~*~*~ (stealth).
 13930 | Lair:2   | 13930 ||| INVOKING Heroism.
 13939 | Lair:2   | Reached skill level 9 in Invocations
 14066 | Lair:2   | 14066 ||| INVOKING Heroism.
 14174 | Lair:2   | 14174 ||| INVOKING Heroism.
 14191 | Lair:2   | Found a staircase to the Swamp.
 14199 | Lair:2   | Identified the +0 helmet of Quonk {Fly Dex+7} (Okawaru
                  | gifted it to you on level 2 of the Lair of Beasts)
 14199 | Lair:2   | Received a gift from Okawaru
 14418 | Lair:2   | 14418 ||| UPGRADING to +0 helmet of Quonk {Fly Dex+7}.
 14423 | Lair:2   | 14423 ||| READING scroll labelled FIPPAY KEFOATS.
 14424 | Lair:2   | 14424 ||| READING scroll labelled HUGU YWASHRIBBI.
 14564 | Lair:3   | Found a hole to the Spider Nest.
 14596 | Lair:3   | Noticed a four-headed hydra
 14597 | Lair:3   | 14597 ||| INVOKING Heroism.
 14598 | Lair:3   | 14598 ||| INVOKING Finesse.
 14599 | Lair:3   | 14599 ||| SWAPPING to +0 war axe of flaming.
 14609 | Lair:3   | Killed a one-headed hydra
 14610 | Lair:3   | 14610 ||| SWAPPING to +7 war axe.
 14725 | Lair:3   | 14725 ||| Stepping ~*~*~tactically~*~*~ (stealth).
 14728 | Lair:3   | 14728 ||| INVOKING Heroism.
 14730 | Lair:3   | Reached skill level 3 in Dodging
 15488 | Lair:4   | Reached XP level 13. HP: 68/82 MP: 20/20
 15659 | Lair:4   | 15659 ||| INVOKING Heroism.
 15694 | Lair:4   | Found a runed translucent door.
 15695 | Lair:4   | Noticed an acid blob
 15696 | Lair:4   | Found a staircase to the Slime Pits.
 15790 | Lair:4   | 15790 ||| Stepping ~*~*~tactically~*~*~ (stealth).
 15791 | Lair:4   | 15791 ||| Stepping ~*~*~tactically~*~*~ (stealth).
 15793 | Lair:4   | 15793 ||| Stepping ~*~*~tactically~*~*~ (stealth).
 15794 | Lair:4   | 15794 ||| INVOKING Heroism.
 15944 | Lair:4   | 15944 ||| Stepping ~*~*~tactically~*~*~ (hiding).
 15946 | Lair:4   | 15946 ||| Stepping ~*~*~tactically~*~*~ (hiding).
 16077 | Lair:4   | 16077 ||| Stepping ~*~*~tactically~*~*~ (stealth).
 16079 | Lair:4   | 16079 ||| Stepping ~*~*~tactically~*~*~ (stealth).
 16090 | Lair:4   | 16090 ||| INVOKING Heroism.
 16139 | Lair:4   | 16139 ||| INVOKING Heroism.
 16140 | Lair:4   | 16140 ||| SWAPPING to +0 war axe of flaming.
 16146 | Lair:4   | 16146 ||| SWAPPING to +7 war axe.
 16551 | Lair:5   | Entered Level 5 of the Lair of Beasts
 16591 | Lair:5   | Reached skill level 13 in Axes
 16687 | Lair:5   | 16687 ||| INVOKING Heroism.
 16876 | Lair:5   | 16876 ||| READING scroll of enchant armour.
 16876 | Lair:5   | 16876 ||| ENCHANTING +1 pair of boots.
 16887 | Lair:5   | 16887 ||| Stepping ~*~*~tactically~*~*~ (stealth).
 16888 | Lair:5   | 16888 ||| INVOKING Heroism.
 17040 | Lair:5   | 17040 ||| INVOKING Heroism.
 17207 | Lair:5   | 17207 ||| Stepping ~*~*~tactically~*~*~ (hiding).
 17284 | Lair:5   | Received a gift from Okawaru
 17351 | Lair:5   | 17351 ||| Stepping ~*~*~tactically~*~*~ (hiding).
 17352 | Lair:5   | 17352 ||| Stepping ~*~*~tactically~*~*~ (hiding).
 17359 | Lair:5   | Reached skill level 14 in Axes
 17404 | Lair:5   | 17404 ||| Stepping ~*~*~tactically~*~*~ (stealth).
 17406 | Lair:5   | 17406 ||| INVOKING Heroism.
 17429 | Lair:5   | Found an iron altar of Okawaru.
 17434 | Lair:5   | 17434 ||| READING 6 scrolls of teleportation.
 17465 | Lair:5   | 17465 ||| INVOKING Heroism.
 17504 | Lair:5   | 17504 ||| INVOKING Heroism.
 17624 | Lair:5   | 17624 ||| INVOKING Heroism.
 17729 | Lair:5   | 17729 ||| INVOKING Heroism.
 17955 | Lair:5   | 17955 ||| Stepping ~*~*~tactically~*~*~ (stealth).
 17989 | Lair:5   | 17989 ||| Stepping ~*~*~tactically~*~*~ (stealth).
 17991 | Lair:5   | 17991 ||| INVOKING Heroism.
 18180 | Lair:5   | 18180 ||| Stepping ~*~*~tactically~*~*~ (stealth).
 18181 | Lair:5   | 18181 ||| Stepping ~*~*~tactically~*~*~ (stealth).
 18182 | Lair:5   | 18182 ||| INVOKING Heroism.
 18197 | Lair:5   | 18197 ||| Stepping ~*~*~tactically~*~*~ (stealth).
 18364 | Lair:5   | 18364 ||| INVOKING Heroism.
 18371 | Lair:5   | Gained mutation: Your large and strong wings let you fly.
                  | [Gargoyle growth]
 18371 | Lair:5   | Reached XP level 14. HP: 90/90 MP: 19/21
 18394 | Lair:5   | 18394 ||| Stepping ~*~*~tactically~*~*~ (stealth).
 18621 | Lair:5   | 18621 ||| INVOKING Heroism.
 18630 | Lair:5   | 18630 ||| INVOKING Heroism.
 18678 | Lair:5   | Found a snail-covered altar of Cheibriados.
 18856 | Lair:5   | 18856 ||| INVOKING Heroism.
 18926 | Lair:5   | 18926 ||| INVOKING Heroism.
 18988 | Lair:5   | 18988 ||| PLANNING D
 18988 | Lair:5   | 18988 ||| UPGRADING to +2 helmet of see invisible.
 19131 | D:12     | 19131 ||| INVOKING Heroism.
 19203 | D:12     | 19203 ||| Stepping ~*~*~tactically~*~*~ (stealth).
 19205 | D:12     | 19205 ||| Stepping ~*~*~tactically~*~*~ (stealth).
 19215 | D:12     | Received a gift from Okawaru
 19256 | D:12     | Reached skill level 15 in Axes
 19260 | D:12     | 19260 ||| INVOKING Heroism.
 19306 | D:12     | Noticed Nergalle
 19313 | D:12     | 19313 ||| INVOKING Heroism.
 19326 | D:12     | Killed Nergalle
 19544 | D:12     | 19544 ||| INVOKING Heroism.
 19548 | D:12     | 19548 ||| Stepping ~*~*~tactically~*~*~ (stealth).
 19555 | D:12     | 19555 ||| Stepping ~*~*~tactically~*~*~ (stealth).
 19565 | D:12     | 19565 ||| INVOKING Heroism.
 19571 | D:12     | 19571 ||| Stepping ~*~*~tactically~*~*~ (hiding).
 19696 | D:12     | Noticed Snorg
 19697 | D:12     | 19697 ||| INVOKING Heroism.
 19702 | D:12     | 19702 ||| Stepping ~*~*~tactically~*~*~ (hiding).
 19708 | D:12     | Killed Snorg
 19786 | D:12     | 19786 ||| Stepping ~*~*~tactically~*~*~ (hiding).
 19787 | D:12     | 19787 ||| Stepping ~*~*~tactically~*~*~ (stealth).
 19789 | D:12     | 19789 ||| INVOKING Heroism.
 20035 | D:13     | 20035 ||| FLEEEEING.
 20036 | D:13     | 20036 ||| FLEEEEING.
 20037 | D:13     | 20037 ||| FLEEEEING.
 20038 | D:13     | 20038 ||| FLEEEEING.
 20039 | D:13     | 20039 ||| FLEEEEING.
 20040 | D:13     | 20040 ||| FLEEEEING.
 20046 | D:13     | 20046 ||| FLEEEEING.
 20047 | D:13     | 20047 ||| FLEEEEING.
 20048 | D:13     | 20048 ||| FLEEEEING.
 20049 | D:13     | 20049 ||| FLEEEEING.
 20050 | D:13     | 20050 ||| FLEEEEING.
 20051 | D:13     | 20051 ||| FLEEEEING.
 20052 | D:13     | 20052 ||| STAIRDANCE
 20282 | D:13     | Reached skill level 12 in Fighting
 20377 | D:13     | 20377 ||| Stepping ~*~*~tactically~*~*~ (hiding).
 20386 | D:13     | 20386 ||| INVOKING Heroism.
 20684 | D:13     | 20684 ||| INVOKING Heroism.
 20738 | D:13     | 20738 ||| Stepping ~*~*~tactically~*~*~ (stealth).
 20853 | D:13     | 20853 ||| Stepping ~*~*~tactically~*~*~ (hiding).
 20858 | D:13     | 20858 ||| INVOKING Heroism.
 20954 | D:13     | 20954 ||| READING scroll of enchant armour.
 20954 | D:13     | 20954 ||| ENCHANTING +0 plate armour.
 21026 | D:13     | 21026 ||| Stepping ~*~*~tactically~*~*~ (stealth).
 21029 | D:13     | 21029 ||| Stepping ~*~*~tactically~*~*~ (stealth).
 21313 | D:13     | 21313 ||| DROPPING amulet of the acrobat.
 21332 | D:14     | Noticed Nessos
 21332 | D:14     | Noticed Rupert
 21332 | D:14     | Found a gate to the Vaults.
 21333 | D:14     | 21333 ||| STAIRDANCE
 21341 | D:14     | 21341 ||| STAIRDANCE
 21343 | D:13     | 21343 ||| INVOKING Heroism.
 21350 | D:13     | Reached skill level 12 in Armour
 21376 | D:14     | 21376 ||| STAIRDANCE
 21380 | D:13     | HP: 16/92 [very large slime creature (39)]
 21381 | D:13     | 21381 ||| READING 9 scrolls of teleportation.
 21381 | D:13     | Mangled by Rupert

Levels and vault maps discovered:
D:1:      minmay_arrival_wavy_path, layout_basic
D:2:      layout_loops_ring, basic_ecumenical_altar
D:3:      layout_basic, jmf_multi_god_temple2,
          yredelemnul_forgotten_temple_becter, minmay_door_square,
          kennysheep_generic_room_2
D:4:      layout_cave_pools, hangedman_decor_slide_cut
D:5:      layout_cave_pools, portal_sewer_entry_d, serial_column_ruins,
          column_ruins_temple_hall, column_ruins_open_small,
          column_ruins_grid_1, column_ruins_open_large,
          column_ruins_open_small_water, column_ruins_grid_1,
          column_ruins_open_tiny, column_ruins_open_small_water
D:6:      layout_rooms, roderic_lattice_a, uniq_crazy_yiuf_cottage, uniq_edmund,
          uniq_pikel
D:7:      layout_loops_ring, minmay_temple_entry_nine_rooms
D:8:      layout_basic, kennysheep_mini, minmay_circle_x
D:9:      layout_roguey, serial_shops, nicolae_shop_statue_plus, uniq_grum
D:10:     layout_irregular_city, enter_bailey_4, serial_shops, shop,
          minmay_crystal_water, patterned_corridor
D:11:     layout_loops_ring, david_lair_generic, minmay_orc_entry_temple_small,
          grunt_decor_resistance
D:12:     layout_cave_pools, special_room [special_room_orc],
          lightli_fourway_metalbox, uniq_nergalle, uniq_snorg
D:13:     layout_irregular_city
D:14:     cheibrodos_leafed_vault, layout_long_grid, david_vaults_3,
          serial_rivers, chequers_serial_rivers_large_a,
          chequers_serial_rivers_micro_c, chequers_serial_rivers_micro_d,
          chequers_serial_rivers_small_b, kiku_gazebo_garden_becter
Temple:   nicolae_temple_bog_church
Lair:1:   layout_long_grid, pond, uniq_sonja, uniq_harold
Lair:2:   layout_loops_ring, nicolae_swamp_entry_splash_gauntlet, special_room
          [special_room_bee]
Lair:3:   layout_roguey, spider_nest_entry_webs, lemuel_fruit_tree, uniq_rupert
Lair:4:   layout_regular_city, slime_entry_2
Lair:5:   hangedman_lair_tendril_chambers, layout_gridlike, basic_altar,
          kennysheep_snail_temple

Skill      XL: |  1  2  3  4  5  6  7  8  9 10 11 12 13 14 |
---------------+-------------------------------------------+-----
Axes           | 2 3 4 5 6 7 9 11 12 14 15 | 15.0
Fighting       | 4 5 7 8 9 10 11 12 | 12.0
Throwing       | 2 4 5 |  5.0
Armour         | 6 7 8 10 11 12 | 12.0
Dodging        | 1 3 |  3.1
Shields        | 4 5 6 7 |  7.3
Invocations    | 2 4 7 10 | 10.0

Action                   |  1- 3 |  4- 6 |  7- 9 | 10-12 | 13-15 || total
-------------------------+-------+-------+-------+-------+-------++-------
Melee: War axe           |    93 |   218 |   302 |   590 |   550 ||  1753
Throw: Boomerang         |       |       |    18 |    54 |       ||    72
       Javelin           |       |       |    13 |    44 |    95 ||   152
Invok: Heroism           |       |       |     2 |    32 |    30 ||    64
       Finesse           |       |       |       |     2 |       ||     2
  Use: Scroll            |     3 |     7 |     8 |    11 |     4 ||    33
       Potion            |     1 |     2 |     4 |     2 |       ||     9
Armor: Scale mail        |    29 |       |       |       |       ||    29
       Chain mail        |    21 |   133 |   147 |       |       ||   301
       Plate armour      |       |       |    18 |   311 |   263 ||   592
Dodge: Dodged            |    29 |    65 |    67 |   162 |   142 ||   465
Block: Buckler           |    13 |    49 |   139 |   269 |   258 ||   728
       Reflection        |       |       |     3 |     3 |    11 ||    17

Table legend:
 A = Non-vault XP
 B = Vault XP
 C = Vault XP percentage of total XP
 D = Non-vault monster count
 E = Vault monster count
 F = Vault count percentage of total count
                 A         B        C        D         E       F
            +---------+---------+-------+---------+---------+-------
      Total |   46824 |   27811 |  37.3 |     359 |     152 |  29.7
            +---------+---------+-------+---------+---------+-------
        D:1 |      31 |       0 |   0.0 |      16 |       0 |   0.0
        D:2 |      69 |       0 |   0.0 |      15 |       0 |   0.0
        D:3 |      66 |      40 |  37.7 |      21 |       4 |  16.0
        D:4 |     390 |       0 |   0.0 |      26 |       0 |   0.0
        D:5 |     351 |      14 |   3.8 |      11 |       1 |   8.3
        D:6 |    1071 |     775 |  42.0 |      11 |       2 |  15.4
        D:7 |     898 |       0 |   0.0 |      29 |       0 |   0.0
        D:8 |    1808 |     668 |  27.0 |      31 |       5 |  13.9
        D:9 |    1747 |     535 |  23.4 |      22 |       4 |  15.4
       D:10 |    2557 |      12 |   0.5 |      27 |       5 |  15.6
       D:11 |    3296 |    1248 |  27.5 |      12 |      13 |  52.0
       D:12 |    3219 |    4055 |  55.7 |      18 |      30 |  62.5
       D:13 |    5518 |    1169 |  17.5 |      17 |       6 |  26.1
     Lair:1 |    5048 |    2350 |  31.8 |      25 |       7 |  21.9
     Lair:2 |     467 |    4438 |  90.5 |       2 |      32 |  94.1
     Lair:3 |    3721 |     174 |   4.5 |      13 |       1 |   7.1
     Lair:4 |    4778 |       0 |   0.0 |      19 |       0 |   0.0
     Lair:5 |   11789 |   12186 |  50.8 |      44 |      40 |  47.6
      Sewer |       0 |     147 | 100.0 |       0 |       2 | 100.0
            +---------+---------+-------+---------+---------+-------
